[Event "December 12 Late 2023"]
[Site "https://www.chess.com"]
[Date "2023.12.12"]
[Round "1"]
[White "Bok, Benjamin"]
[Black "Cervantes Landeiro, Thalia"]
[Result "1-0"]
[Board "25"]
[TimeControl "180+1"]
[WhiteFideId "1017063"]
[BlackFideId "3520498"]
[WhiteElo "2942"]
[BlackElo "2479"]
[WhiteTeam "NED"]
[BlackTeam "USA"]
[WhiteClock "0:00:19"]
[BlackClock "0:00:00"]

1. d4 Nf6 2. c4 g6 3. g3 Bg7 4. Bg2 d5 5. Nf3 O-O 6. O-O dxc4 7. Na3 a5 8. Nxc4 a4 9. Nfe5 c6 10. e4 Be6 11. Be3 Ng4 12. Nxg4 Bxc4 13. Re1 Nd7 14. Qc2 Be6 15. Nh6+ Kh8 16. d5 cxd5 17. exd5 Rc8 18. Qd1 Bf5 19. Nxf5 gxf5 20. Qxa4 Bxb2 21. Rab1 Bf6 22. Qf4 Qa5 23. Qxf5 Ne5 24. Bd4 Ng6 25. Bxf6+ exf6 26. Qxf6+ Kg8 27. d6 Qxa2 28. h4 Rce8 29. h5 Rxe1+ 30. Rxe1 Qa5 31. Rd1 Qxh5 32. Rd5 Qe2 33. d7 Qe1+ 34. Bf1 1-0

[Event "December 12 Late 2023"]
[Site "https://www.chess.com"]
[Date "2023.12.12"]
[Round "1"]
[White "Chocenka, Dmitrijus"]
[Black "Makarian, Rudik"]
[Result "1/2-1/2"]
[Board "26"]
[TimeControl "180+1"]
[WhiteFideId "12802336"]
[BlackFideId "44105681"]
[WhiteElo "2477"]
[BlackElo "2931"]
[WhiteTeam "LTU"]
[BlackTeam "FID"]
[WhiteClock "0:00:15"]
[BlackClock "0:00:05"]

1. e4 c5 2. Nf3 d6 3. d4 cxd4 4. Nxd4 Nf6 5. Nc3 a6 6. h3 e6 7. g4 h6 8. Bg2 Be7 9. O-O Nc6 10. Be3 Nxd4 11. Qxd4 e5 12. Qd2 Be6 13. f4 exf4 14. Bxf4 Nd7 15. Kh1 Ne5 16. b3 Rc8 17. Nd5 Bg5 18. c4 O-O 19. Rad1 b5 20. cxb5 axb5 21. a4 bxa4 22. bxa4 Bxf4 23. Nxf4 Bc4 24. Rf2 Ra8 25. Qxd6 Qxd6 26. Rxd6 Rxa4 27. Kh2 Re8 28. Rfd2 Ra2 29. Rxa2 Bxa2 30. Kg3 Rb8 31. Nd5 Rb3+ 32. Kh2 Rb2 33. Kg3 g6 34. Rd8+ Kg7 35. Re8 Nc6 36. h4 Nd4 37. g5 hxg5 38. hxg5 Ne6 39. Nf6 Nxg5 40. e5 Ne6 41. Rg8+ Kh6 42. Be4 Kg5 43. Nh7+ Kh6 44. Nf6 Bc4 45. Rh8+ Kg5 46. Nh7+ Kh6 47. Nf6+ Kg5 48. Nh7+ Kh6 49. Nf6+ 1/2-1/2

[Event "December 12 Late 2023"]
[Site "https://www.chess.com"]
[Date "2023.12.12"]
[Round "1"]
[White "Jacobson, Brandon"]
[Black "Novikova, Galina"]
[Result "1-0"]
[Board "27"]
[TimeControl "180+1"]
[WhiteFideId "30901561"]
[BlackFideId "4157095"]
[WhiteElo "2918"]
[BlackElo "2476"]
[WhiteTeam "USA"]
[BlackTeam "RUS"]
[WhiteClock "0:00:45"]
[BlackClock "0:00:00"]

1. e4 e6 2. d4 d5 3. Nc3 Bb4 4. e5 c5 5. a3 Bxc3+ 6. bxc3 Ne7 7. h4 Nbc6 8. h5 h6 9. Qg4 Kf8 10. Rh3 Qa5 11. Bd2 Qa4 12. Qf4 b6 13. Rf3 Nd8 14. dxc5 Qxf4 15. Rxf4 bxc5 16. Be3 Nb7 17. Ba6 Ke8 18. Bxb7 Bxb7 19. Bxc5 a6 20. Rb1 Bc6 21. Rb6 Rc8 22. Ne2 Bd7 23. Bd6 Nf5 24. Kd2 Nxd6 25. Rxd6 Bb5 26. Nd4 Ke7 27. Rb6 Rc7 28. Rg4 Rhc8 29. Rxg7 Rxc3 30. Rh7 Bf1 31. Rxe6+ Kf8 32. Rf6 1-0

[Event "December 12 Late 2023"]
[Site "https://www.chess.com"]
[Date "2023.12.12"]
[Round "1"]
[White "Gutierrez Olivares, Daniel"]
[Black "Durarbayli, Vasif"]
[Result "0-1"]
[Board "28"]
[TimeControl "180+1"]
[WhiteFideId "2264005"]
[BlackFideId "13402935"]
[WhiteElo "2475"]
[BlackElo "2918"]
[WhiteTeam "ESP"]
[BlackTeam "AZE"]
[WhiteClock "0:00:00"]
[BlackClock "0:00:06"]

1. Nf3 d5 2. c4 c6 3. b3 Bf5 4. Bb2 e6 5. e3 Nd7 6. Be2 Ngf6 7. d3 Bb4+ 8. Nc3 Nc5 9. Nh4 d4 10. exd4 Qxd4 11. Nf3 Bxc3+ 12. Kf1 Bxb2 13. Nxd4 Bxd4 14. b4 Bxa1 15. Qxa1 Nxd3 16. g4 Nxg4 17. Bxg4 Bxg4 18. Qxg7 Bh3+ 19. Ke2 O-O-O 20. Rd1 Bf5 21. b5 c5 22. b6 axb6 23. Qxf7 Rhf8 24. Qg7 Bg6 25. f3 e5 26. Qh6 Rf4 27. Qg5 Rxc4 28. Kf1 Rf4 29. Kg2 Rfd4 30. Qe7 Nf4+ 31. Kg3 Rxd1 32. Kh4 R1d7 33. Qxe5 Nd3 34. Qc3 Rd4+ 35. Kg3 Rf8 36. Qb3 Kc7 37. Qe6 Rdf4 38. Qe7+ Kb8 39. Kg2 Rxf3 40. Qd6+ Ka7 41. h4 Rf2+ 42. Kh3 R8f3+ 43. Kg4 Bf5+ 44. Kh5 Nf4+ 45. Kh6 Bd3 46. Qd7 Ba6 47. Qa4 Ng6 48. Kxh7 Rf4 49. Qb3 Nxh4 0-1

[Event "December 12 Late 2023"]
[Site "https://www.chess.com"]
[Date "2023.12.12"]
[Round "1"]
[White "Cordova, Emilio"]
[Black "Medeiros Jr, Francisco De Assis"]
[Result "1-0"]
[Board "29"]
[TimeControl "180+1"]
[WhiteFideId "3801497"]
[BlackFideId "2114267"]
[WhiteElo "2917"]
[BlackElo "2470"]
[WhiteTeam "PER"]
[BlackTeam "BRA"]
[WhiteClock "0:00:45"]
[BlackClock "0:00:22"]

1. d4 d5 2. Nf3 e6 3. c4 a6 4. Nc3 dxc4 5. a4 Nc6 6. e3 Na5 7. Ne5 c5 8. Nxc4 Nf6 9. Nxa5 Qxa5 10. Bd2 cxd4 11. exd4 Bd7 12. Bc4 Bb4 13. O-O Rc8 14. Qe2 O-O 15. Rfd1 Rfd8 16. h3 Bc6 17. Be3 Bxc3 18. bxc3 Qxc3 19. Rdc1 Qa5 20. Bd2 Qf5 21. Be3 Qg6 22. Qf1 Nd5 23. Bd2 Nf6 24. Be3 Qf5 25. Bd3 Be4 26. Be2 Bc6 27. Rc5 Rd5 28. Bd3 Qh5 29. Rac1 Rcd8 30. Bxa6 Rxc5 31. Rxc5 Qg6 32. Bd3 Be4 33. Be2 Nd5 34. Bd2 Nf6 35. Rg5 Qh6 36. Rd5 Qg6 37. Rxd8+ 1-0

[Event "December 12 Late 2023"]
[Site "https://www.chess.com"]
[Date "2023.12.12"]
[Round "1"]
[White "yaguigor"]
[Black "Sjugirov, Sanan"]
[Result "0-1"]
[Board "30"]
[TimeControl "180+1"]
[BlackFideId "4189302"]
[WhiteElo "2470"]
[BlackElo "2916"]
[BlackTeam "HUN"]
[WhiteClock "0:00:00"]
[BlackClock "0:00:04"]

1. e4 c5 2. Nf3 d6 3. d4 cxd4 4. Nxd4 Nf6 5. Nc3 a6 6. f3 e5 7. Nb3 Be6 8. Be3 Be7 9. Qd2 O-O 10. O-O-O Nbd7 11. g4 b5 12. g5 Nh5 13. Kb1 Nb6 14. Na5 Rc8 15. Nd5 Nxd5 16. exd5 Bxd5 17. Qxd5 Qxa5 18. c4 Nf4 19. Bxf4 exf4 20. cxb5 axb5 21. Bd3 g6 22. h4 Rc5 23. Qb7 Ra8 24. a3 Bf8 25. Rhe1 Qd8 26. Qe4 Bg7 27. Qxf4 Rb8 28. Re4 d5 29. Rb4 Qd7 30. Re1 Rbc8 31. Qe3 Bf8 32. Rb3 Qh3 33. Qf4 Qg2 34. Rd1 Qf2 35. h5 Bg7 36. hxg6 hxg6 37. Rb4 Rc2 0-1

[Event "December 12 Late 2023"]
[Site "https://www.chess.com"]
[Date "2023.12.12"]
[Round "1"]
[White "Chigaev, Maksim"]
[Black "Bogaudinov, Rushan"]
[Result "1-0"]
[Board "31"]
[TimeControl "180+1"]
[WhiteFideId "4108116"]
[BlackFideId "4129288"]
[WhiteElo "2911"]
[BlackElo "2469"]
[WhiteTeam "ESP"]
[BlackTeam "RUS"]
[WhiteClock "0:00:15"]
[BlackClock "0:00:00"]

1. d4 Nf6 2. c4 e6 3. g4 d5 4. g5 Ne4 5. Bg2 Bb4+ 6. Kf1 Nc6 7. c5 Nxg5 8. a3 Ba5 9. b4 O-O 10. bxa5 Ne4 11. Nf3 f5 12. h4 Nxa5 13. Bf4 b6 14. Nbd2 Ba6 15. Rc1 Qd7 16. Ne5 Qb5 17. c6 Nxd2+ 18. Bxd2 Nb3 19. Bf4 Nxc1 20. Bxc1 Qb1 21. f3 f4 22. Kf2 Qa1 23. Qd2 Rae8 24. Bb2 Qa2 25. Qc3 Bc4 26. Ra1 Qb3 27. Nxc4 dxc4 28. Qxb3 cxb3 29. a4 Rd8 30. Bh3 Rfe8 31. Ra3 Rd6 32. Rxb3 Rxc6 33. a5 Rc4 34. axb6 cxb6 35. Rb5 Kf7 36. Re5 Rb4 37. Bc3 Rc4 38. Bb2 Rb4 39. Ba1 Ra4 40. Bc3 Rc4 41. Be1 Rxd4 42. h5 Rd5 43. Re4 Rxh5 44. Rxf4+ Kg8 45. Bg4 1-0

[Event "December 12 Late 2023"]
[Site "https://www.chess.com"]
[Date "2023.12.12"]
[Round "1"]
[White "Serban, Cristian-Stefan"]
[Black "Rasulov, Vugar"]
[Result "0-1"]
[Board "32"]
[TimeControl "180+1"]
[WhiteFideId "1241443"]
[BlackFideId "13402390"]
[WhiteElo "2468"]
[BlackElo "2901"]
[WhiteTeam "ROU"]
[BlackTeam "AZE"]
[WhiteClock "0:00:02"]
[BlackClock "0:00:32"]

1. d4 d5 2. c4 e6 3. Nf3 c6 4. e3 Nf6 5. Bd3 dxc4 6. Bxc4 b5 7. Be2 Bb7 8. O-O Be7 9. Qc2 O-O 10. Rd1 Qb6 11. Nc3 a6 12. e4 c5 13. h3 Nc6 14. Be3 Nb4 15. Qb1 cxd4 16. Bxd4 Bc5 17. a3 Bxd4 18. Nxd4 Nc6 19. Nxc6 Bxc6 20. Bd3 h6 21. Qc2 Rac8 22. Qe2 e5 23. Rac1 Rfd8 24. Bb1 Bb7 25. Ba2 Rd4 26. Nd5 Rxc1 27. Rxc1 Nxd5 28. Bxd5 Bxd5 29. exd5 Qd6 30. Rc8+ Kh7 31. Qc2+ Qg6 32. Qxg6+ Kxg6 33. Rc6+ f6 34. Rxa6 Rxd5 35. Rb6 Kf5 36. Kh2 h5 37. Kg3 Rd3+ 38. f3 Rb3 39. Kh4 Rxb2 40. g4+ hxg4 41. fxg4+ Kf4 42. Kh5 e4 43. Kg6 Rb3 44. h4 Rg3 45. g5 fxg5 46. h5 Rh3 47. Rxb5 e3 48. Rf5+ Ke4 49. Rf7 g4 50. Rxg7 g3 51. Re7+ Kf3 52. Kf5 g2 53. Kg5 0-1

[Event "December 12 Late 2023"]
[Site "https://www.chess.com"]
[Date "2023.12.12"]
[Round "1"]
[White "Grabinsky, Aaron"]
[Black "Disconzi da Silva, Rodrigo"]
[Result "1/2-1/2"]
[Board "33"]
[TimeControl "180+1"]
[WhiteFideId "2087090"]
[BlackFideId "2100991"]
[WhiteElo "2900"]
[BlackElo "2467"]
[WhiteTeam "USA"]
[BlackTeam "BRA"]
[WhiteClock "0:00:17"]
[BlackClock "0:00:07"]

1. e4 c5 2. Nc3 a6 3. g3 b5 4. Bg2 Bb7 5. d3 e6 6. f4 d5 7. Qe2 b4 8. Nb1 Be7 9. Nf3 Nd7 10. O-O Qb6 11. Kh1 dxe4 12. dxe4 Ngf6 13. e5 Nd5 14. Nbd2 Qc7 15. Nc4 O-O 16. a4 a5 17. Bd2 Ba6 18. Be1 N7b6 19. Nfd2 Rad8 20. Bf2 Nxc4 21. Nxc4 Nb6 22. b3 Nxc4 23. bxc4 Rd7 24. Be4 Rfd8 25. Bd3 g6 26. h3 Bb7+ 27. Kh2 h5 28. Be3 Qc6 29. Rab1 Kg7 30. Qf2 Rxd3 31. cxd3 Rxd3 32. Rfe1 Qxa4 33. Ra1 Qb3 34. Rxa5 Qxc4 35. Bxc5 Bd8 36. Ra2 b3 37. Rae2 Qd5 38. Rg1 Ba5 39. Be7 Bc3 40. Bf6+ Kh7 41. f5 Rd1 42. fxg6+ fxg6 43. g4 Rxg1 44. Qxg1 Qf3 45. Rf2 Qe3 46. gxh5 Bxe5+ 47. Bxe5 Qxe5+ 48. Qg3 Qxg3+ 49. Kxg3 Bd5 50. Kh4 gxh5 51. Kxh5 e5 52. Kg5 Be4 53. Rf7+ Kg8 54. Re7 b2 55. Re8+ Kf7 56. Rb8 b1=Q 57. Rxb1 Bxb1 58. h4 Ke6 59. h5 Kd5 60. h6 Bh7 61. Kf6 e4 62. Kg7 Bf5 63. Kf6 Bh7 64. Kg7 Bf5 65. Kf6 Bh7 1/2-1/2

[Event "December 12 Late 2023"]
[Site "https://www.chess.com"]
[Date "2023.12.12"]
[Round "1"]
[White "Baches Garcia, Guillermo"]
[Black "Ashraf, Artin"]
[Result "0-1"]
[Board "34"]
[TimeControl "180+1"]
[WhiteFideId "2209764"]
[BlackFideId "22514805"]
[WhiteElo "2467"]
[BlackElo "2900"]
[WhiteTeam "ESP"]
[BlackTeam "IRI"]
[WhiteClock "0:00:00"]
[BlackClock "0:01:08"]

1. Nf3 Nf6 2. d4 e6 3. Bg5 d5 4. Nbd2 h6 5. Bh4 Bd6 6. e3 c5 7. c3 Nbd7 8. Bd3 O-O 9. O-O Qc7 10. e4 dxe4 11. Nxe4 Nxe4 12. Bxe4 cxd4 13. Qxd4 Bc5 14. Qa4 Nf6 15. Bxf6 gxf6 16. Bc2 f5 17. Qh4 Kg7 18. Rae1 Bd7 19. Ne5 Bc6 20. Kh1 Rad8 21. Re2 Bd6 22. f4 Bb5 23. Re3 Qe7 24. Rg3+ Kh7 25. Qh5 Bxe5 26. Bxf5+ exf5 27. Qxf5+ Kh8 28. Qh5 Qf6 0-1

[Event "December 12 Late 2023"]
[Site "https://www.chess.com"]
[Date "2023.12.12"]
[Round "1"]
[White "Melkumyan, Hrant"]
[Black "Serra Canals, Oriol"]
[Result "1-0"]
[Board "35"]
[TimeControl "180+1"]
[WhiteFideId "13302485"]
[BlackFideId "22276084"]
[WhiteElo "2897"]
[BlackElo "2464"]
[WhiteTeam "ARM"]
[BlackTeam "ESP"]
[WhiteClock "0:01:15"]
[BlackClock "0:00:00"]

1. Nf3 e6 2. c4 d5 3. g3 Nf6 4. Bg2 Be7 5. O-O O-O 6. b3 c5 7. cxd5 exd5 8. d4 Nc6 9. Bb2 Be6 10. dxc5 Bxc5 11. Nc3 a6 12. Rc1 Ba7 13. e3 h6 14. Ne2 Qe7 15. Ned4 Rac8 16. Qd3 Ne4 17. Nxc6 bxc6 18. Qxa6 c5 19. Rfd1 Rfd8 20. Qe2 Bg4 21. h3 Bh5 22. g4 Bg6 23. Nd2 Nf6 24. Nf1 Be4 25. Ng3 Bxg2 26. Kxg2 h5 27. gxh5 Bb8 28. Qf3 Bxg3 29. Bxf6 gxf6 30. fxg3 d4 31. e4 Ra8 32. Rc2 Qe5 33. Rf2 d3 34. Rxd3 Rxd3 35. Qxd3 Kh7 36. Qd5 Qe8 37. a4 Rd8 38. Qf5+ Kg8 39. h6 1-0

[Event "December 12 Late 2023"]
[Site "https://www.chess.com"]
[Date "2023.12.12"]
[Round "1"]
[White "Suarez Uriel, Adrian"]
[Black "Indjic, Aleksandar"]
[Result "0-1"]
[Board "36"]
[TimeControl "180+1"]
[WhiteFideId "22230874"]
[BlackFideId "911925"]
[WhiteElo "2462"]
[BlackElo "2896"]
[WhiteTeam "ESP"]
[BlackTeam "SRB"]
[WhiteClock "0:00:16"]
[BlackClock "0:00:14"]

1. e4 d6 2. d4 Nf6 3. Nc3 e5 4. Nf3 Nbd7 5. Bc4 Be7 6. a4 c6 7. O-O h6 8. Re1 Qc7 9. a5 g5 10. Bb3 Nf8 11. d5 a6 12. Be3 Ng6 13. Bb6 Qb8 14. Ba4 Bd7 15. Nd2 Kf8 16. Nc4 Kg7 17. Be3 Qc7 18. Nb6 Rad8 19. Nxd7 Rxd7 20. dxc6 bxc6 21. Bb6 Qb7 22. Ne2 Bd8 23. Bxd8 Rhxd8 24. Ng3 Nh4 25. Bb3 Re7 26. Qe2 d5 27. Rad1 Ree8 28. Rd2 Qb4 29. Ra1 dxe4 30. Rxd8 Rxd8 31. Ra4 Qb5 32. Qe1 c5 33. h3 Qb7 34. Rc4 e3 35. f3 Nxg2 36. Kxg2 Rd2+ 37. Ne2 Nh5 38. Re4 Nf4+ 39. Rxf4 gxf4 40. Kf1 Qxf3+ 41. Kg1 Rxe2 42. Qf1 Qg3+ 43. Kh1 Rh2# 0-1

[Event "December 12 Late 2023"]
[Site "https://www.chess.com"]
[Date "2023.12.12"]
[Round "1"]
[White "Zakhartsov, Vladimir"]
[Black "Rodriguez Fontecha, Marcos"]
[Result "0-1"]
[Board "37"]
[TimeControl "180+1"]
[WhiteFideId "4145097"]
[BlackFideId "2256576"]
[WhiteElo "2896"]
[BlackElo "2460"]
[WhiteTeam "RUS"]
[BlackTeam "ESP"]
[WhiteClock "0:00:22"]
[BlackClock "0:00:11"]

1. e4 e6 2. d4 d5 3. Nd2 c5 4. exd5 Qxd5 5. dxc5 Nf6 6. Nb3 Qxd1+ 7. Kxd1 Ng4 8. Ke1 Nd7 9. h3 Ngf6 10. Bb5 a6 11. Bxd7+ Nxd7 12. Be3 Be7 13. Nf3 O-O 14. Ke2 e5 15. Rhd1 f6 16. Nfd2 Rd8 17. Nc4 Nf8 18. Nb6 Rb8 19. Nd5 Kf7 20. Nxe7 Kxe7 21. Na5 Bd7 22. Rd6 Bf5 23. Rxd8 Kxd8 24. c6 b6 25. Nc4 Kc7 26. Bxb6+ Rxb6 27. Nxb6 Kxb6 28. c4 Ne6 29. b4 Nd4+ 30. Kd2 Be4 31. f3 Bxc6 32. Kc3 Ne2+ 33. Kb3 Nf4 34. Rg1 f5 35. a4 a5 36. c5+ Kc7 37. b5 Bd5+ 38. Kc2 e4 39. fxe4 Bxe4+ 40. Kd2 Bxg2 41. Ke3 g5 42. h4 h6 43. hxg5 hxg5 44. Rd1 Bd5 45. Rf1 Bb3 46. Kd4 Bxa4 47. Rb1 Bc2 48. Rh1 Ne6+ 49. Kc3 Be4 50. Rh7+ Kb8 51. c6 f4 52. Kc4 Bxh7 53. b6 Nc7 54. Kc5 Be4 55. Kd6 Bxc6 56. Kxc6 Kc8 57. b7+ Kb8 58. Kb6 Nd5+ 59. Kxa5 Kxb7 60. Kb5 f3 61. Kc4 f2 62. Kxd5 f1=Q 63. Ke5 g4 64. Ke6 g3 65. Ke7 g2 66. Ke8 g1=Q 67. Ke7 Qd1 68. Ke6 Qge1+ 69. Kf5 Qf3+ 70. Kg5 Qg1+ 71. Kh6 Qfh1# 0-1

[Event "December 12 Late 2023"]
[Site "https://www.chess.com"]
[Date "2023.12.12"]
[Round "1"]
[White "Mazurkiewicz, Michal"]
[Black "Rodrigue-Lemieux, Shawn"]
[Result "0-1"]
[Board "38"]
[TimeControl "180+1"]
[WhiteFideId "1124943"]
[BlackFideId "2620049"]
[WhiteElo "2459"]
[BlackElo "2895"]
[WhiteTeam "POL"]
[BlackTeam "CAN"]
[WhiteClock "0:00:00"]
[BlackClock "0:00:04"]

1. e4 e5 2. Nf3 Nf6 3. d3 Nc6 4. g3 d5 5. exd5 Nxd5 6. Bg2 Bb4+ 7. c3 Be7 8. O-O O-O 9. Re1 f6 10. d4 exd4 11. cxd4 Bb4 12. Nc3 Nce7 13. Qb3 c6 14. Bd2 a5 15. a3 Bd6 16. Ne4 a4 17. Qa2 Kh8 18. Nxd6 Qxd6 19. Re2 Be6 20. Rae1 Bg8 21. Qb1 Rad8 22. Rxe7 Nxe7 23. Bb4 Qxb4 24. axb4 Nd5 25. b5 cxb5 26. Bf1 b4 27. Bc4 Rc8 28. Bd3 Rc7 29. Nh4 a3 30. bxa3 bxa3 31. Qd1 Bf7 32. Nf5 a2 33. Nd6 Bg8 34. Qh5 Nc3 0-1

[Event "December 12 Late 2023"]
[Site "https://www.chess.com"]
[Date "2023.12.12"]
[Round "1"]
[White "Demchenko, Anton"]
[Black "Arnold, Ken"]
[Result "1-0"]
[Board "39"]
[TimeControl "180+1"]
[WhiteFideId "4160258"]
[BlackFideId "2056836"]
[WhiteElo "2889"]
[BlackElo "2458"]
[WhiteTeam "SLO"]
[BlackTeam "USA"]
[WhiteClock "0:00:07"]
[BlackClock "0:00:21"]

1. e4 c6 2. d4 d5 3. Nd2 dxe4 4. Nxe4 Bf5 5. Ng3 Bg6 6. Be3 e6 7. h4 h6 8. Bd3 Bxd3 9. Qxd3 Nf6 10. O-O-O Bd6 11. N1e2 Nbd7 12. Kb1 Qc7 13. Ne4 Nxe4 14. Qxe4 Nf6 15. Qf3 O-O-O 16. g4 Nd5 17. Bc1 b5 18. Ng3 Bxg3 19. fxg3 Rd7 20. g5 hxg5 21. Bxg5 Kb7 22. h5 a5 23. g4 Qd6 24. Bc1 a4 25. c3 Nb6 26. g5 Qd5 27. Qxd5 Nxd5 28. Kc2 f6 29. Rde1 Re7 30. h6 gxh6 31. gxh6 f5 32. Bg5 Reh7 33. Rxe6 Rg8 34. Rh5 Kc7 35. b3 axb3+ 36. axb3 Kd7 37. Re5 f4 38. Kd3 Rg6 39. Ke4 Nxc3+ 40. Kxf4 Nd5+ 41. Kf5 Rg8 42. Rh1 Rf7+ 43. Ke4 Nc3+ 44. Kd3 Nd5 45. Bd2 Rh7 46. Rg5 Rxg5 47. Bxg5 Ke6 48. Ke4 Nc3+ 49. Kf4 Nd5+ 50. Kg4 Kf7 51. Kf5 Rh8 52. Ra1 Ne7+ 53. Kg4 Ng6 54. Kf5 Ne7+ 55. Bxe7 Kxe7 56. Ra7+ Kd6 57. h7 c5 58. dxc5+ Kxc5 59. Kg6 Kb4 60. Rb7 1-0

[Event "December 12 Late 2023"]
[Site "https://www.chess.com"]
[Date "2023.12.12"]
[Round "1"]
[White "Nilsson, Joakim"]
[Black "Kovalev, Vladislav"]
[Result "0-1"]
[Board "40"]
[TimeControl "180+1"]
[WhiteFideId "1723383"]
[BlackFideId "13504398"]
[WhiteElo "2458"]
[BlackElo "2888"]
[WhiteTeam "SWE"]
[BlackTeam "FID"]
[WhiteClock "0:00:48"]
[BlackClock "0:00:45"]

1. d4 Nf6 2. Nf3 e6 3. Bg5 d5 4. e3 c5 5. c3 Nc6 6. Nbd2 h6 7. Bh4 g5 8. Bg3 Nh5 9. Bb5 Nxg3 10. hxg3 Bg7 11. Qa4 Bd7 12. Qa3 cxd4 13. cxd4 Qb6 14. Bd3 Qb4 15. Qxb4 Nxb4 16. Bb1 Bb5 17. a3 Nd3+ 18. Bxd3 Bxd3 19. Nb1 Rc8 20. Nc3 Ke7 21. Kd2 Bg6 22. Rac1 Rc6 23. Nb5 Rhc8 24. Nxa7 Rc2+ 25. Rxc2 Rxc2+ 26. Kd1 Rxb2 27. Nd2 Kd7 28. Ke2 Bf8 29. a4 Bb4 30. Rd1 Bc2 31. Ra1 Bb3 0-1

[Event "December 12 Late 2023"]
[Site "https://www.chess.com"]
[Date "2023.12.12"]
[Round "1"]
[White "Bazeev, German"]
[Black "Korpics, Zsolt"]
[Result "0-1"]
[Board "41"]
[TimeControl "180+1"]
[WhiteFideId "24119350"]
[BlackFideId "705241"]
[WhiteElo "2886"]
[BlackElo "2457"]
[WhiteTeam "RUS"]
[BlackTeam "HUN"]
[WhiteClock "0:01:57"]
[BlackClock "0:02:12"]

1. d4 Nf6 2. Nf3 e6 3. c4 b6 4. Nc3 Bb4 5. Bg5 Bb7 6. Nd2 h6 7. Bh4 O-O 8. e4 g5 9. Bg3 Bxc3 10. bxc3 Nxe4 11. Nxe4 Bxe4 12. h4 Bg6 13. hxg5 hxg5 14. Bd3 f5 15. f4 g4 16. Bh4 Qe8 17. Bg5 Nc6 0-1

[Event "December 12 Late 2023"]
[Site "https://www.chess.com"]
[Date "2023.12.12"]
[Round "1"]
[White "Dmitrenko, Viktor"]
[Black "Szpar, Milosz"]
[Result "0-1"]
[Board "42"]
[TimeControl "180+1"]
[WhiteFideId "14110270"]
[BlackFideId "1184989"]
[WhiteElo "2456"]
[BlackElo "2885"]
[WhiteTeam "UKR"]
[BlackTeam "POL"]
[WhiteClock "0:00:01"]
[BlackClock "0:00:09"]

1. d4 d5 2. Nf3 Nf6 3. c4 e6 4. Nc3 dxc4 5. Bg5 a6 6. a4 Bb4 7. g3 Nbd7 8. Bg2 h6 9. Bf4 Nd5 10. Bd2 O-O 11. O-O Be7 12. a5 Rb8 13. Ne5 Nxe5 14. dxe5 Nb4 15. h4 Bd7 16. Ne4 Bc6 17. Qc1 Kh7 18. Rd1 Qe8 19. Qxc4 Bd5 20. Qc3 Qc6 21. Qf3 Bxe4 22. Qxe4+ Qxe4 23. Bxe4+ Kg8 24. Rac1 c6 25. Be3 Nd5 26. Bc5 Bxc5 27. Rxc5 Rfd8 28. Rdc1 Nc7 29. b4 Rd4 30. R5c4 Rbd8 31. Bd3 R8d5 32. f4 Kf8 33. Kf2 Rd8 34. Ke3 R4d7 35. Kf3 Nb5 36. Ke3 Ke7 37. h5 Nc7 38. g4 Nd5+ 39. Kf3 f6 40. exf6+ gxf6 41. Rg1 Rg8 42. Bg6 Nc7 43. Re4 Nb5 44. f5 Nd4+ 45. Kg3 e5 46. Rg2 Nb5 47. e3 Rd1 48. Kf3 Nd6 49. Rc2 Nxe4 50. Kxe4 Rgd8 51. b5 axb5 52. a6 bxa6 53. Rxc6 R1d6 54. Rc7+ R6d7 55. Rc6 Rd6 56. Rc7+ R8d7 57. Rc8 Rb6 58. Re8+ Kd6 59. Rh8 b4 60. Rxh6 b3 61. Bf7 Rxf7 62. Rh8 b2 63. Rd8+ Kc7 0-1

[Event "December 12 Late 2023"]
[Site "https://www.chess.com"]
[Date "2023.12.12"]
[Round "1"]
[White "Tari, Aryan"]
[Black "ChessSG1"]
[Result "0-1"]
[Board "43"]
[TimeControl "180+1"]
[WhiteFideId "1510045"]
[WhiteElo "2878"]
[BlackElo "2455"]
[WhiteTeam "NOR"]
[WhiteClock "0:01:51"]
[BlackClock "0:00:07"]

1. Nf3 d5 2. d4 Nf6 3. Bf4 c5 4. e3 Nc6 5. Nbd2 Bg4 6. c3 e6 7. Qb3 Qc8 8. Ne5 Nxe5 9. Bxe5 c4 10. Qa4+ Qd7 11. Qxd7+ Nxd7 12. Bg3 Rc8 13. e4 Be7 14. f3 Bh5 15. Bf4 O-O 16. exd5 exd5 17. h4 Bg6 18. h5 Bf5 19. g4 Be6 20. Kf2 h6 21. Re1 Rc6 22. Bh3 Ra6 23. Kg3 Rxa2 24. Nxc4 dxc4 25. d5 Bxd5 26. Rxe7 Nf6 27. Be5 Rxb2 28. Rd1 Bc6 29. Rd6 Nd5 30. Rxd5 Bxd5 31. Bd4 Bc6 32. Re5 Re8 33. Ra5 a6 34. g5 Rb5 35. Ra1 Rxg5+ 36. Kf2 Rxh5 37. Bg4 Rd5 38. Rg1 f6 39. Bh3 Kf7 40. Rc1 Re7 41. Bg4 f5 42. Bh5+ g6 43. Rg1 gxh5 44. Rg7+ Ke6 45. Rg6+ Kd7 46. Rxh6 Rxd4 47. cxd4 c3 48. Rg6 c2 49. Rg1 Ba4 50. Rc1 Kc6 51. Ra1 Kd5 52. f4 b5 53. Kf3 Kc4 54. d5 Kxd5 55. Kf2 Kd4 56. Kf3 Kd3 57. Kg3 Kd2 58. Ra2 Kd1 59. Ra1+ c1=Q 0-1

[Event "December 12 Late 2023"]
[Site "https://www.chess.com"]
[Date "2023.12.12"]
[Round "1"]
[White "Sanchez Enriquez, Oscar Gerardo"]
[Black "Maksimovic, Bojan"]
[Result "1-0"]
[Board "44"]
[TimeControl "180+1"]
[WhiteFideId "5106311"]
[BlackFideId "14408120"]
[WhiteElo "2453"]
[BlackElo "2876"]
[WhiteTeam "MEX"]
[BlackTeam "BIH"]
[WhiteClock "0:00:04"]
[BlackClock "0:00:00"]

1. e4 a6 2. d4 e6 3. Bd3 d5 4. Nf3 dxe4 5. Bxe4 Nf6 6. Bd3 c5 7. dxc5 Bxc5 8. O-O O-O 9. Qe2 Nbd7 10. Nc3 b5 11. Ne4 Be7 12. a4 b4 13. Rd1 Qc7 14. Nxf6+ Nxf6 15. Ne5 Bb7 16. Bf4 Qc8 17. Rac1 Rd8 18. c3 Qc5 19. Bg3 b3 20. Bc4 Bd5 21. Bxa6 Ne4 22. Bb5 Nxg3 23. hxg3 Bg5 24. Ra1 Qc7 25. Nf3 Bf6 26. Nd2 Bxc3 27. bxc3 Qxc3 28. Ne4 Qe5 29. Re1 h6 30. Nd2 Qf6 31. Rab1 Qc3 32. Ne4 Qb4 33. Nd2 Rac8 34. Nf3 Qa3 35. Qe3 Qa2 36. Ne5 Rc7 37. Qf4 Rdc8 38. Nf3 b2 39. Qe5 Qxb1 40. Rxb1 Rc1+ 41. Kh2 Rxb1 42. Nd2 Rbc1 43. Qxb2 R1c2 44. Qd4 Ra2 45. Nf3 Rcc2 46. Qa7 Rxf2 47. Qb8+ Kh7 48. Kh3 Rxg2 49. Nh4 Rh2+ 50. Kg4 Raf2 51. Bd3+ f5+ 52. Nxf5 h5+ 53. Kg5 Rd2 54. Bb1 1-0

[Event "December 12 Late 2023"]
[Site "https://www.chess.com"]
[Date "2023.12.12"]
[Round "1"]
[White "Popov, Konstantin"]
[Black "Weisz, Bryan"]
[Result "1-0"]
[Board "45"]
[TimeControl "180+1"]
[WhiteFideId "34137910"]
[BlackFideId "30934133"]
[WhiteElo "2870"]
[BlackElo "2452"]
[WhiteTeam "FID"]
[BlackTeam "USA"]
[WhiteClock "0:00:58"]
[BlackClock "0:00:11"]

1. e4 c5 2. Nf3 Nf6 3. Nc3 d5 4. exd5 Nxd5 5. Bb5+ Nc6 6. Ne5 Qd6 7. Nc4 Qe6+ 8. Qe2 Nf4 9. Qxe6 Bxe6 10. g3 Nd5 11. d3 Nb4 12. Kd1 Bg4+ 13. Kd2 a6 14. Bxc6+ Nxc6 15. a4 Nd4 16. h3 Be6 17. b3 g6 18. Bb2 Bh6+ 19. Ne3 O-O-O 20. Ne4 f5 21. Nxc5 Bf7 22. a5 e5 23. Ra4 Bf8 24. b4 Be8 25. Raa1 Bc6 26. Rhd1 f4 27. Nc4 fxg3 28. fxg3 Bh6+ 29. Kc3 Rhf8 30. Rf1 Bf3 31. Nxe5 Bg2 32. Rxf8 Rxf8 33. Kxd4 Bg7 34. Kc4 Rf2 35. Kb3 Bd5+ 36. Nc4 Bf8 37. Re1 Rg2 38. Re8+ Kc7 39. Rxf8 Rxg3 40. Be5+ 1-0

[Event "December 12 Late 2023"]
[Site "https://www.chess.com"]
[Date "2023.12.12"]
[Round "1"]
[White "Goncalves, Davi Sulzbacher"]
[Black "Kamsky, Gata"]
[Result "0-1"]
[Board "46"]
[TimeControl "180+1"]
[WhiteFideId "2154510"]
[BlackFideId "2000024"]
[WhiteElo "2452"]
[BlackElo "2857"]
[WhiteTeam "BRA"]
[BlackTeam "USA"]
[WhiteClock "0:00:00"]
[BlackClock "0:00:12"]

1. d4 Nf6 2. c4 e6 3. g3 d5 4. Nf3 Bb4+ 5. Bd2 Be7 6. Bg2 c6 7. O-O Nbd7 8. Qc2 Ne4 9. Bf4 g5 10. Bc1 f5 11. Nc3 g4 12. Nd2 Ndf6 13. Ndxe4 dxe4 14. Be3 h5 15. Rad1 h4 16. f3 gxf3 17. exf3 hxg3 18. hxg3 Bd6 19. fxe4 Bxg3 20. Rf3 Bh2+ 21. Kf1 Bd7 22. d5 cxd5 23. cxd5 e5 24. exf5 Qc7 25. Bg5 Qc4+ 26. Ke1 e4 27. Re3 O-O 28. Rh3 Be5 29. Bxe4 Rae8 30. Qg2 Bxc3+ 31. Bd2+ Kf7 32. Qg6+ Ke7 33. Bxc3 Qxe4+ 34. Kd2 Bxf5 35. Qg7+ Kd8 36. Bxf6+ Kc8 37. Be7 Qc2+ 38. Ke3 Bxh3 0-1